[Event "*** Titled Tuesday Blitz"]
[Site "Chess.com"]
[Date "2019.09.03"]
[Round "6"]
[White "Kildepiotr"]
[Black "Niclox"]
[Result "0-1"]
[WhiteElo "2482"]
[BlackElo "2630"]
[TimeControl "180+2"]
[EndTime "16:21:30 PDT"]
[Termination "Niclox won on time"]

1. Nf3 Nf6 2. g3 g6 3. Bg2 Bg7 4. O-O O-O 5. d4 d6 6. Nbd2 a5 7. e4 c6 8. Qe2 Bg4 9. h3 Bxf3 10. Nxf3 Nbd7 11. e5 Nd5 12. e6 fxe6 13. Qxe6+ Kh8 14. Ng5 Qe8 15. Bxd5 cxd5 16. Qxd5 Rf5 17. Qe4 e5 18. dxe5 Nxe5 19. f4 d5 20. Qxd5 Nf7 21. Nxf7+ Rxf7 22. Qf3 a4 23. a3 Re7 24. c3 Re2 25. f5 gxf5 26.
Qxf5 Qc6 27. Qf3 Qb6+ 28. Kh1 Qe6 29. Qg4 Qa6 30. Bf4 Rxb2 31. Rad1 Rf8 32. Qf3 Qe6 33. Qg4 Qa2 34. Qf3 Qe6 35. Rf2 Qxh3+ 36. Kg1 Rb5 37. Rh2 Qf5 38. Qd3 Qxd3 39. Rxd3 Rb1+ 40.
Kg2 Rb3 41. Rd7 Rxa3 42. Kh3 Rxc3 43. Rxg7 Rxf4 44. Rxb7 Rff3 45. Rg2 a3 46. Ra7 Kg8 47. Kh4 Rf7 48. Ra6 Rf1 49. Rd2 Rh1+ 50. Kg4 h5+ 0-1

[Event "*** Titled Tuesday Blitz"]
[Site "Chess.com"]
[Date "2019.09.03"]
[Round "6"]
[White "HrvojeZagreb"]
[Black "bluejay1897"]
[Result "0-1"]
[WhiteElo "2068"]
[BlackElo "2292"]
[TimeControl "180+2"]
[EndTime "16:21:33 PDT"]
[Termination "bluejay1897 won by resignation"]

1. d4 Nf6 2. Bf4 e6 3. e3 b6 4. Nd2 Bb7 5. a4 a5 6. Ngf3 Be7 7. h3 O-O 8. Bd3 c5 9. Nc4 cxd4 10. exd4 d5 11.
Nce5 Ne4 12. Nd2 f6 13. Ng4 Nd7 14. f3 Nxd2 15. Qxd2 Re8 16. O-O Nf8 17. Rfe1 Bd6 18. Bb5 Re7 19. Re2 Qc7 20. Bxd6 Qxd6 21. Rae1 Rc8 22.
Nf2 Bc6 23. Bxc6 Qxc6 24. b3 Kf7 25. Nd3 Qc3 26. Qf4 Kg8 27. h4 h6 28. h5 Rc6 29.
Nf2 Qb4 30. Ng4 Qd6 31. Qe3 Rec7 32. Qd3 Rc3 33. Qd2 Qc6 34. Ne3 Qd6 35. Kf2 Qf4 36.
g3 Qg5 37. Rh1 f5 38. f4 Qf6 39. Qd1 R7c6 40. Ng2 Qf7 41. Ne1 Nd7 42. Nd3 Qf8 43. Rhe1 Nf6 44. Ne5 Ne4+ 45. Rxe4 fxe4 46. Nxc6 Rxc6 47.
c4 Qb4 48. cxd5 exd5 49. g4 Rc3 50. Re3 Rxe3 51. Kxe3 Qc3+ 52. Kf2 Kf7 53. g5 e3+ 54. Kf3 Ke6 55. Qe2 Qxb3 56. Qxe3+ Qxe3+ 57. Kxe3 Kf5 58. g6 Kg4 59. f5 Kxf5 60. Kf3 Kg5 61. Kg3 Kxh5 62.
Kf4 Kxg6 63. Ke5 h5 64. Kxd5 h4 65. Ke4 Kf6 66. d5 g5 67. Kf3 Ke5 0-1

[Event "*** Titled Tuesday Blitz"]
[Site "Chess.com"]
[Date "2019.09.03"]
[Round "6"]
[White "GMJimKnopf"]
[Black "David_Paravyan"]
[Result "1-0"]
[WhiteElo "2745"]
[BlackElo "2900"]
[TimeControl "180+2"]
[EndTime "16:21:38 PDT"]
[Termination "GMJimKnopf won by resignation"]

1. c3 Nf6 2. g3 d5 3. Bg2 e5 4. d4 Nc6 5. dxe5 Nxe5 6. Nf3 Nxf3+ 7. exf3 Bc5 8. O-O O-O 9. a4 a5 10. Na3 c6 11. Nc2 Re8 12. Nd4 Bd7 13. Be3 Bf8 14. Re1 Qc7 15. Bf1 h6 16. Qd3 g6 17.
Qd2 Kh7 18. h4 Bg7 19. Kg2 h5 20. Bd3 Ng8 21. Bf4 Qb6 22. Be3 Qc7 23. Re2 Re7 24.
Bg5 Rxe2 25. Nxe2 Re8 26. Nf4 Kh8 27. Bxg6 fxg6 28. Nxg6+ Kh7 29. Qd3 Nf6 30. Nf4+ Kh8 31. Bxf6 Bxf6 32. Qg6 Qxf4 33. Qxh5+ Kg7 34. gxf4 Rh8 35.
Qg4+ Bxg4 36. fxg4 Rxh4 37. Kg3 Rh8 38. g5 Be7 39.
Re1 Kf7 40. Kg4 Rh2 41. Re2 Bc5 42. Kg3 Rh5 43. Kg4 Rh2 44. Kg3 Rh1 45. f5 Rg1+ 46.
Kh4 Rg2 47. Re6 Be7 48. f4 Rxb2 49. Kg4 Rg2+ 50. Kh5 Rh2+ 51. Kg4 Rg2+ 52. Kh5 Rh2+ 53. Kg4 Bd8 54. Rd6 Ke8 55. f6 Bc7 56. Re6+ Kf8 57.
g6 Rg2+ 58. Kf5 b5 59. g7+ 1-0

[Event "*** Titled Tuesday Blitz"]
[Site "Chess.com"]
[Date "2019.09.03"]
[Round "6"]
[White "Gubajdullin"]
[Black "WPWPWP-2015"]
[Result "0-1"]
[WhiteElo "2597"]
[BlackElo "2447"]
[TimeControl "180+2"]
[EndTime "16:21:39 PDT"]
[Termination "WPWPWP-2015 won by resignation"]

1. d4 Nf6 2. Bf4 e6 3. e3 b6 4. Nf3 Bb7 5. Be2 Be7 6. h3 O-O 7. O-O c5 8. a4 Nc6 9. c3 d6 10. Nbd2 Re8 11. Nc4 Bf8 12. dxc5 d5 13. Nd6 Bxd6 14.
cxd6 e5 15. Bh2 Qxd6 16. Nd4 Rad8 17. Nxc6 Bxc6 18. a5 b5 19. a6 Qc5 20. Qb3 Ne4 21.
Rfd1 Nd6 22. Qb4 Qb6 23. Bf3 Nf5 24. Rd2 Re6 25. Rad1 Ne7 26. Bg4 f5 27. Be2 Qxa6 28.
e4 Qb7 29. exd5 Rxd5 30. Rxd5 Bxd5 31. Qxb5 Qxb5 32. Bxb5 f4 33. f3 Kf7 34. b4 Rb6 35. Ba4 Bc4 36. Re1 Ra6 37. Bc2 Kf6 38. g3 g5 39. h4 h6 40. gxf4 gxf4 41. Re4 Ra1+ 42. Kf2 Bd5 43. Re2 Rc1 44. Rd2 Bc4 45. Kg2 Nd5 46.
Kf2 Ne3 47. Bd3 Rxc3 48. Bxc4 Rxc4 49. Ra2 Rxb4 50. Bg1 Rb1 51. Ra6+ Kf5 52. Bh2 Rb2+ 53. Kg1 Rg2+ 54. Kh1 Rf2 55. Bg1 Rxf3 56. Rxh6 Rh3+ 57. Bh2 Rxh2+ 58. Kxh2 Ng4+ 59. Kh3 Nxh6 0-1

[Event "*** Titled Tuesday Blitz"]
[Site "Chess.com"]
[Date "2019.09.03"]
[Round "6"]
[White "Roman_Ovetchkin"]
[Black "matiss90"]
[Result "1/2-1/2"]
[WhiteElo "2727"]
[BlackElo "2551"]
[TimeControl "180+2"]
[EndTime "16:21:42 PDT"]
[Termination "Game drawn - insufficient material"]

1. d4 Nf6 2. c4 g6 3. Nc3 Bg7 4. e4 O-O 5. Nf3 d6 6. Be2 Na6 7. Bg5 h6 8. Be3 e5 9. d5 Nc5 10. Nd2 a5 11. b3 c6 12. a3 Bd7 13. b4 axb4 14. axb4 Rxa1 15. Qxa1 Na6 16. Qa3 cxd5 17. cxd5 Ng4 18. Bxg4 Bxg4 19. b5 Nc5 20. Bxc5 dxc5 21.
Nc4 f5 22. f3 fxe4 23. fxg4 Qh4+ 24. g3 Qxg4 25. Rf1 Rxf1+ 26. Kxf1 Qf3+ 27. Ke1 e3 28. Nd1 Qh1+ 29. Ke2 Qxh2+ 30. Kxe3 Qxg3+ 31. Kd2 Qg2+ 32. Kc1 Qxd5 33. Nde3 Qh1+ 34. Kc2 e4 35. Qxc5 Kh7 36. Qc7 Qa1 37. Qxb7 Qc3+ 38. Kd1 h5 39. Qxe4 Qb3+ 40. Ke2 Qxb5 41. Nd5 Qa6 42. Kf3 Qa1 43. Kg2 Qd4 44. Nd6 Qxe4+ 45. Nxe4 Kh6 46. Kf3 g5 47. Nd6 Be5 48. Nf7+ Kg7 49. Nxe5 g4+ 50. Kg3 h4+ 51. Kxg4 h3 52. Nf3 h2 53. Nxh2 1/2-1/2

[Event "*** Titled Tuesday Blitz"]
[Site "Chess.com"]
[Date "2019.09.03"]
[Round "6"]
[White "karinachess1"]
[Black "Kanthecarowin"]
[Result "1/2-1/2"]
[WhiteElo "2554"]
[BlackElo "2389"]
[TimeControl "180+2"]
[EndTime "16:21:42 PDT"]
[Termination "Game drawn by stalemate"]

1. Nf3 Nf6 2. c4 g6 3. g3 Bg7 4. Bg2 d6 5. d4 c6 6. Nc3 O-O 7.
e4 Bg4 8. h3 Bxf3 9. Bxf3 Nbd7 10. O-O Qc7 11. Be3 Rad8 12. Bg2 a6 13. Qc2 c5 14. d5 Rb8 15. a4 Qa5 16. f4 Rfc8 17.
Bd2 Qc7 18. Rae1 Ne8 19. h4 Bd4+ 20. Kh2 Nef6 21. Bh3 h5 22. Ne2 b5 23. cxb5 axb5 24. axb5 Rxb5 25. b3 Qb7 26. Rb1 Ra8 27. Rfd1 Ra3 28.
Bc1 Raxb3 29. Rxb3 Rxb3 30. Nxd4 cxd4 31. Rxd4 Ng4+ 32.
Bxg4 hxg4 33. Rd3 Rxd3 34. Qxd3 Nc5 35. Qc2 Qb4 36. e5 dxe5 37. fxe5 Qd4 38. e6 Qxd5 39. exf7+ Kxf7 40. Be3 Ne6 41. Qe2 Qe4 42. Qf2+ Ke8 43. Bb6 Ng7 44. Qb2 Nf5 45. Qd2 Qe5 46. Qf4 Qxf4 47.
gxf4 Kd7 48. Bf2 Ke6 49. Kg2 Kd5 50. Be1 Ke4 51. Bd2 Nxh4+ 52. Kg3 Nf3 53. Bc1 Kf5 54.
Be3 Ne1 55. Bd2 Nd3 56. Be3 Nb4 57. Bd2 Nd5 58. Bc1 Nf6 59. Kh4 Ne4 60. Be3 Nf6 61. Bd2 Nd5 62. Kg3 Nf6 63. Bc1 Nh5+ 64. Kh4 Nxf4 65. Bxf4 Kxf4 1/2-1/2

[Event "*** Titled Tuesday Blitz"]
[Site "Chess.com"]
[Date "2019.09.03"]
[Round "6"]
[White "DishonorOnYourCow"]
[Black "DarkAlekhine"]
[Result "0-1"]
[WhiteElo "2219"]
[BlackElo "2492"]
[TimeControl "180+2"]
[EndTime "16:21:42 PDT"]
[Termination "DarkAlekhine won by resignation"]

1. d4 d5 2. c4 c6 3. cxd5 cxd5 4. Nc3 Nc6 5. Bf4 Nf6 6. e3 a6 7. Bd3 Bg4 8. f3 Bh5 9. Nge2 e6 10. Bg3 Bg6 11. O-O Bd6 12. Bf2 b5 13. Rc1 Na5 14. e4 Be7 15. e5 Nd7 16. Nf4 Bg5 17. Be3 Nc4 18. Bxc4 bxc4 19. Nfxd5 exd5 20. f4 Bxf4 21. Bxf4 O-O 22. Nxd5 Bd3 23. Qg4 Kh8 24. Rf3 Rg8 25. Bg5 Qe8 26. Nf4 Rc8 27. Rh3 Nf8 28. Re1 Ne6 29. Qh5 Nxf4 30. Bxf4 Qe6 31. Bg5 Bg6 32. Qe2 Qd5 33. Rg3 Qxd4+ 34. Kh1 Rb8 35. Rc3 Qd5 36. Qxc4 Qxc4 37. Rxc4 Rxb2 38. Ra4 Ra8 39. h4 h6 40. Bf4 Bf5 41. Re3 Be6 42. Rea3 Bd5 43. Rxa6 Rxa6 44. Rxa6 Rxg2 45. Rd6 Bf3 46. Rd3 Be4 47.
Re3 Bc6 48. Rc3 Rc2+ 49. Rxc6 Rxc6 50. Kg2 Rc2+ 51. Kg3 Rxa2 52. Kg4 Ra6 53. Be3 Re6 54. Kf5 g6+ 55. Kf4 Kg7 56. Bd4 h5 57. Ke4 Kf8 58. Kf4 Ke7 59. Bc3 Kd7 60. Bb4 Kc6 61. Bd6 Kd5 62. Bb4 Re8 63. Bc3 Ke6 64. Bd4 Rc8 65.
Ke4 Rc4 66. Kd3 Kd5 67. Bf2 Rf4 68. Bg3 Rg4 69. Bf2 Kxe5 70. Ke2 Rg2 71. Kf3 Rxf2+ 72. Kxf2 Kf4 73. Kg2 Kg4 0-1

[Event "*** Titled Tuesday Blitz"]
[Site "Chess.com"]
[Date "2019.09.03"]
[Round "6"]
[White "juniortay"]
[Black "Svet99"]
[Result "1-0"]
[WhiteElo "2452"]
[BlackElo "2149"]
[TimeControl "180+2"]
[EndTime "16:21:42 PDT"]
[Termination "juniortay won by resignation"]

1. e4 c6 2. Nf3 d5 3. exd5 cxd5 4. Ne5 Nf6 5. d4 Nbd7 6. Bd3 e6 7. O-O Bd6 8. Qe2 O-O 9. f4 Qb6 10. c3 a6 11. Kh1 Qc7 12. Nd2 b5 13. a3 Nb6 14. Rf3 Nc4 15. Rh3 Bb7 16. Bxh7+ Nxh7 17. Qh5 Rfd8 18. Qxh7+ Kf8 19. Qh8+ Ke7 20. Qxg7 Bxe5 21. fxe5 Rg8 22. Qf6+ Ke8 23. Rh8 Rxh8 24. Qxh8+ Kd7 25. Qf6 Kc6 26. Nf3 Rg8 27. b3 Nb6 28. Bd2 Nc8 29. Ng5 Qe7 30. Rf1 Kd7 31. Qxf7 Qxf7 32. Rxf7+ Ne7 33.
h4 Bc8 34. g4 Ke8 35. Rf6 Rf8 36. h5 Ng8 37. Rxf8+ Kxf8 38. Kg2 Kg7 39. Kg3 Bd7 40. Kf4 Nh6 41. Nh3 Be8 42. Kg5 Nf7+ 43. Kf4 Nh6 44. Ng5 Bd7 45. Nf3 Nf7 46. Ne1 Nh6 47. Nd3 Nf7 48. g5 Nh8 49. Kg4 Nf7 50. h6+ Kh7 51. Nf4 Nh8 52. Kf3 Bc8 53. Ke3 Bd7 54. Nh5 Kg6 55. Nf6 Bc8 56. Kd3 Nf7 57. h7 Nh8 58. a4 Bb7 59. axb5 axb5 60. Kc2 Bc6 61. Kb2 b4 62. c4 dxc4 63. bxc4 Ba4 64. d5 exd5 65.
cxd5 Kf5 66. e6 Kg6 67. e7 Kf7 68. d6 Ng6 69. Bxb4 1-0

[Event "*** Titled Tuesday Blitz"]
[Site "Chess.com"]
[Date "2019.09.03"]
[Round "6"]
[White "goofypenguin96"]
[Black "liczner"]
[Result "0-1"]
[WhiteElo "2284"]
[BlackElo "2702"]
[TimeControl "180+2"]
[EndTime "16:21:45 PDT"]
[Termination "liczner won by resignation"]

1. e4 c6 2. d4 d5 3. Nc3 dxe4 4. Nxe4 Nd7 5. Nf3 Ngf6 6. Nxf6+ Nxf6 7. Ne5 Be6 8. c3 g6 9. Bd3 Bg7 10. O-O O-O 11.
a4 c5 12. dxc5 Qd5 13. Nf3 Qxc5 14. Be3 Qc7 15. Nd4 Bc4 16. Nb5 Bxb5 17. axb5 Rfd8 18.
Qe2 Nd5 19. Bc1 Nf4 20. Bxf4 Qxf4 21. Be4 Rd2 22. Qf3 Qxf3 23. Bxf3 Rxb2 24. Bxb7 Rd8 25. Rxa7 Bxc3 26. Bc6 e6 27. Raa1 Bd4 28. g3 Bb6 29.
Ra6 Bc5 30. Raa1 Rdd2 31. Rab1 Rxf2 32. Rxb2 Rxb2+ 33. Kh1 Kf8 34. Rc1 Bb6 35. Rd1 g5 36.
g4 Kg7 37. Be8 Kf8 38. Bc6 Bc7 39. h3 Rh2+ 40. Kg1 Rxh3 41. Rd7 Bf4 42. Rb7 Rb3 43. Kf2 h6 44. Be4 Rb4 45. Bd3 Be5 46. Kf3 Rf4+ 47. Ke2 Rxg4 48. Ra7 Rb4 49. Ra8+ Kg7 50. Ra7 h5 51.
Ra6 g4 52. Ke3 h4 53. Be4 h3 54. Bd3 g3 55. Kf3 g2 56. Kf2 Bd4+ 0-1

[Event "*** Titled Tuesday Blitz"]
[Site "Chess.com"]
[Date "2019.09.03"]
[Round "6"]
[White "PchelkinVK"]
[Black "Kimster98"]
[Result "1/2-1/2"]
[WhiteElo "2493"]
[BlackElo "2609"]
[TimeControl "180+2"]
[EndTime "16:21:55 PDT"]
[Termination "Game drawn - insufficient material"]

1. d4 d6 2. Nc3 Nf6 3. e4 c6 4. f4 Qa5 5. e5 Ne4 6. Bd3 Nxc3 7. Qd2 g6 8. bxc3 Bg7 9. h4 h5 10.
Nf3 Bg4 11. Ng5 e6 12. exd6 O-O 13. Rb1 b5 14. O-O Rd8 15. Ne4 Bf5 16. Nc5 Bxd3 17. Qxd3 Qb6 18. f5 exf5 19. Bg5 Rxd6 20. Qg3 Rd5 21.
Rbe1 Nd7 22. Nd3 Qb8 23. Nf4 Rd6 24. Be7 Nf6 25. Nxg6 Ne4 26. Rxe4 Rxg6 27. Qxb8+ Rxb8 28. Rxf5 Re8 29. Rf1 Re6 30. Rxe6 fxe6 31. Bc5 e5 32. Re1 Kf7 33. Bxa7 Ra8 34. Bc5 exd4 35. Bxd4 Rxa2 36. Bxg7 Kxg7 37. Re5 Rxc2 38. Rc5 Kf7 39. Rxc6 b4 40. Rc5 b3 41. Kh2 Kg6 42. Rg5+ Kh6 43. Rc5 b2 44. Rb5 Rxc3 45. Rxb2 Rc6 46. Rb5 Kg6 47. Kh3 Rc3+ 48. g3 Rc6 49. Rg5+ Kh6 50. Kg2 Rc2+ 51. Kf3 Rc3+ 52. Kg2 Rc2+ 53. Kh3 Rc6 54. Rd5 Rb6 55. Kg2 Rb2+ 56. Kf3 Rb3+ 57. Kf4 Kg6 58. Rd6+ Kg7 59. Re6 Rc3 60. Re5 Kg6 61. Re6+ Kg7 62. Kg5 Rxg3+ 63. Kxh5 Kh7 64. Re7+ Rg7 65. Rxg7+ Kxg7 66. Kg5 Kh7 67. h5 Kg7 68. h6+ Kh7 69. Kh5 Kh8 70. h7 Kxh7 1/2-1/2

[Event "*** Titled Tuesday Blitz"]
[Site "Chess.com"]
[Date "2019.09.03"]
[Round "6"]
[White "ZeroRealtorFade"]
[Black "novocane"]
[Result "1/2-1/2"]
[WhiteElo "2340"]
[BlackElo "2184"]
[TimeControl "180+2"]
[EndTime "16:21:59 PDT"]
[Termination "Game drawn by repetition"]

1. d4 Nf6 2. Bf4 d5 3. e3 c5 4. c3 Nc6 5. Nd2 Bf5 6. Ngf3 e6 7. h3 Bd6 8. Bg5 h6 9. Bxf6 Qxf6 10. Bb5 Rc8 11.
Qa4 a6 12. Bxc6+ Rxc6 13. dxc5 Bxc5 14. Nd4 b5 15. Qb3 Rb6 16. Nxf5 Qxf5 17. O-O O-O 18. Nf3 Rfb8 19. Nd4 Bxd4 20. cxd4 Rc6 21. a4 Qc2 22. Qxc2 Rxc2 23. axb5 axb5 24. b4 Rb2 25. Rfb1 Rxb1+ 26. Rxb1 Rc8 27. Rb2 Rc1+ 28. Kh2 Rc4 29. Kg3 f6 30.
Kf3 Kf7 31. Ke2 Ke7 32. Kd3 e5 33. f3 Ke6 34. g4 h5 35. Rb1 hxg4 36. hxg4 g5 37.
Rb2 f5 38. gxf5+ Kxf5 39. e4+ Ke6 40. dxe5 Kxe5 41. exd5 Kxd5 42. Rg2 Rxb4 43. Rxg5+ Ke6 44. Rh5 Rb1 45. Ke4 b4 46. Rh6+ Kf7 47. Rb6 b3 48. Kf5 b2 49. Rb7+ Ke8 50. f4 Rc1 51. Rxb2 Rc6 52. Rb7 Kf8 53. Kg5 Ra6 54. f5 Rc6 55. f6 Rc1 56. Kg6 Rg1+ 57. Kf5 Rf1+ 58. Ke5 Re1+ 59. Kd5 Rd1+ 60. Ke5 Re1+ 61. Kd4 Rf1 62. Ke5 Re1+ 1/2-1/2

[Event "*** Titled Tuesday Blitz"]
[Site "Chess.com"]
[Date "2019.09.03"]
[Round "6"]
[White "TigranLPetrosyan"]
[Black "Fighterman91"]
[Result "0-1"]
[WhiteElo "2911"]
[BlackElo "2755"]
[TimeControl "180+2"]
[EndTime "16:22:01 PDT"]
[Termination "Fighterman91 won by resignation"]

1. Nf3 Nf6 2. g3 g6 3. Bg2 Bg7 4. d3 d5 5. O-O O-O 6. Nbd2 Nc6 7. e4 dxe4 8. dxe4 Nd7 9. Qe2 Nc5 10.
Nb3 Na4 11. c3 a5 12. Rd1 Qe8 13. Bf4 e5 14. Be3 Be6 15. Rd2 h6 16. Rad1 b6 17.
h4 Na7 18. Kh2 Nb5 19. Rc1 Nd6 20. Rdc2 Bc4 21. Qe1 Bd3 22. Rd2 Bxe4 23. c4 Nf5 24.
Bxh6 Bxh6 25. Qxe4 Bxd2 26. Nfxd2 Rd8 27. Re1 Nxb2 28.
Qg4 Nd3 29. Re2 Nh6 30. Qg5 Kg7 31. Ne4 f6 32. Qd2 Ng4+ 33. Kg1 Ndxf2 34. Qe1 Nxe4 35. Bxe4 f5 36. Bf3 Qf7 37. Nd2 Rfe8 38. Bxg4 fxg4 39.
Rf2 Qd7 40. Kh2 e4 41. Nxe4 Qd4 42. Re2 Re5 43. Nf2 Rde8 44. Rxe5 Rxe5 45. Qf1 Rf5 46. Kg2 Qxf2+ 47. Qxf2 Rxf2+ 48. Kxf2 Kf6 49. Ke3 Ke5 50. a3 c6 51. a4 Kd6 52. Kd4 Ke6 53. Ke4 Kd6 54.
Kd4 Ke6 55. Ke4 Kf6 56. Kf4 Ke7 57. Kg5 b5 58. axb5 a4 59. b6 Kd7 60. Kxg6 a3 61.
h5 a2 62. b7 Kc7 63. h6 a1=Q 64. h7 Qh8 0-1

[Event "*** Titled Tuesday Blitz"]
[Site "Chess.com"]
[Date "2019.09.03"]
[Round "6"]
[White "Bigfish1995"]
[Black "Gordima"]
[Result "0-1"]
[WhiteElo "3044"]
[BlackElo "2828"]
[TimeControl "180+2"]
[EndTime "16:22:06 PDT"]
[Termination "Gordima won on time"]

1. d4 Nf6 2. c4 g6 3. h4 Bg7 4. Nc3 d6 5. e4 Na6 6. Be2 h5 7. Bg5 c6 8. Qd2 Nc7 9. f3 Rb8 10. a4 a5 11. Nh3 Bxh3 12. Rxh3 Ne6 13. Be3 Nd7 14. d5 Nec5 15. Ra3 Qb6 16. Kf2 Qb4 17.
Qc2 Ne5 18. Nd1 O-O 19. Rh1 f5 20. exf5 Rxf5 21. Kg3 Rbf8 22. f4 Ned7 23. dxc6 bxc6 24. Kh3 e5 25. g4 R5f6 26. gxh5 exf4 27. Bd4 Rf5 28.
Bxg7 Kxg7 29. Bg4 R5f6 30. Bxd7 Nxd7 31. Rg1 Ne5 32. Nf2 Qb7 33. Rg5 Qd7+ 34. Kh2 f3 35. Re3 Qf7 36. Kg3 Nxc4 37. Re4 Ne5 38. Qc3 Kh7 39.
hxg6+ Rxg6 40. Qe3 Rxg5+ 41. hxg5 Kg6 42. Rh4 Qf5 43.
Rh6+ Kg7 44. Rxd6 Rf7 45. Rh6 Ng6 46. Qd4+ Kg8 47. Qg4 Qe5+ 48. Kh3 Kg7 49. Qg3 Qf5+ 50. Kh2 Re7 51. Qd6 Rf7 52. Qd4+ Kg8 53. Qd8+ Kg7 54. Qd4+ Kg8 55. Ne4 f2 56. Qd8+ Kg7 57. Qd4+ Kg8 58.
Nf6+ Rxf6 59. gxf6 Qf4+ 60. Qxf4 Nxf4 61. f7+ Kxf7 0-1

[Event "*** Titled Tuesday Blitz"]
[Site "Chess.com"]
[Date "2019.09.03"]
[Round "6"]
[White "r31415"]
[Black "iLuusions"]
[Result "0-1"]
[WhiteElo "2360"]
[BlackElo "2607"]
[TimeControl "180+2"]
[EndTime "16:22:07 PDT"]
[Termination "iLuusions won by resignation"]

1. e4 c5 2. Nf3 e6 3. d4 cxd4 4. Nxd4 a6 5. c4 Nf6 6. Nc3 Bb4 7. Qd3 Qc7 8. Nc2 Bxc3+ 9. Qxc3 d6 10. Be3 e5 11. f3 Be6 12. Rd1 Nbd7 13. Be2 Rc8 14. Na3 b5 15. cxb5 Qxc3+ 16. bxc3 Rxc3 17. Rd3 Rxd3 18. Bxd3 axb5 19. Nxb5 Ke7 20. a3 d5 21. Bd2 Rc8 22.
Bb4+ Kd8 23. Ba5+ Ke7 24. Bb4+ Kd8 25. Kd2 dxe4 26. fxe4 Nc5 27. Nd6 Nxd3 28. Ba5+ Kd7 29.
Nxc8 Nxe4+ 30. Kxd3 Nf2+ 31. Ke2 Nxh1 32. Nb6+ Kc6 33.
Kf1 Kb5 34. Bb4 Kxb6 35. Kg1 Ng3 36. hxg3 h5 37. Kf2 Kc6 38. Bc3 f6 39. Bb4 Kd5 40.
Be7 Bd7 41. Ke3 Bb5 42. Kf3 f5 43. Bg5 g6 44. Ke3 Bc6 45. Bd8 Kc4 46. Kf2 Kd3 47.
Bf6 Ke4 48. Be7 Bb5 49. Bd6 f4 50. gxf4 exf4 51. Be7 Kf5 52. Kf3 g5 53. g3 Bc6+ 54.
Kf2 fxg3+ 55. Kxg3 h4+ 56. Kh3 Bd7 57. Kh2 Kf4 58.
Bd6+ Kf3 59. Bc7 g4 60. Bd6 g3+ 61. Kg1 h3 62. Bxg3 Kxg3 63. a4 h2+ 64. Kf1 h1=Q+ 65. Ke2 0-1

[Event "*** Titled Tuesday Blitz"]
[Site "Chess.com"]
[Date "2019.09.03"]
[Round "6"]
[White "LastHeroJr"]
[Black "joshdaruca"]
[Result "0-1"]
[WhiteElo "2526"]
[BlackElo "2727"]
[TimeControl "180+2"]
[EndTime "16:22:30 PDT"]
[Termination "joshdaruca won by resignation"]

1. e4 c5 2. Nf3 d6 3. d4 cxd4 4.
Nxd4 Nf6 5. Nc3 g6 6. Be3 Bg7 7. f3 a6 8. Qd2 h5 9. O-O-O b5 10.
Kb1 Bb7 11. a3 Nbd7 12. g3 Rc8 13. h3 Nb6 14. Be2 Nfd7 15. f4 Nc5 16. Bd3 Nxd3 17.
cxd3 Nd7 18. f5 Qa5 19. fxg6 fxg6 20. Nb3 Qd8 21. Bd4 Ne5 22. Nd5 Bxd5 23. exd5 O-O 24.
Rhf1 Qd7 25. Qg5 Kh7 26. g4 Nf3 27. Rxf3 Rxf3 28. gxh5 Qf5 29. hxg6+ Qxg6 30. Qxe7 Re8 31. Qh4+ Qh6 32. Qg4 Rf4 33. Qg1 Re2 34. Rc1 Rf5 35.
Rc7 Rg5 36. Rxg7+ Rxg7 37. Bxg7 Qxg7 38. Qc1 Qg6 39. Qc3 Re3 40. Nc1 Rxh3 41. Qc7+ Kh6 42.
Qc8 Rh1 43. Qh8+ Qh7 44. Qf6+ Qg6 45. Qh8+ Qh7 46. Qf8+ Kg5 47. Qf3 Qh6 48. Qg3+ Kf5 49. Qf3+ Kg6 50. Qg2+ Kh7 51. Qc2 Qf4 52. Qc3 Rg1 53.
Qc8 Qe5 54. Qc7+ Kg6 55. Qc6 Qf4 56. Qc3 Qe3 57. Qc2 Kf6 58. Qc3+ Kf5 59. a4 bxa4 60. Qc2 Ke5 61. Qc3+ Kxd5 62. Qc4+ Ke5 63. Qc3+ Qd4 64. Qc2 Qc5 65. Qe2+ Kf6 66. Qf3+ Qf5 67. Qe2 Qf4 68. Qc2 Rxc1+ 69. Qxc1 Qxc1+ 70. Kxc1 Ke5 71. Kc2 Kd4 72. Kd2 d5 73. Ke2 Kc5 74. Kd2 Kb4 75. Kc2 a5 0-1

[Event "*** Titled Tuesday Blitz"]
[Site "Chess.com"]
[Date "2019.09.03"]
[Round "6"]
[White "TenisMaster"]
[Black "Andrei_Belozerov"]
[Result "1-0"]
[WhiteElo "2776"]
[BlackElo "2527"]
[TimeControl "180+2"]
[EndTime "16:22:39 PDT"]
[Termination "TenisMaster won on time"]

1. d4 d5 2. c4 c6 3. Nc3 Nf6 4. Nf3 dxc4 5. a4 Bf5 6. e3 e6 7. Bxc4 Bb4 8. O-O Nbd7 9. Qe2 Bg6 10. Nh4 O-O 11. Nxg6 hxg6 12. Bd2 Qe7 13. Rfd1 Rad8 14. Be1 a5 15. f3 e5 16. d5 cxd5 17. Nxd5 Nxd5 18.
Bxd5 Nf6 19. Bc4 e4 20. f4 b6 21. h3 Qc5 22. Bf2 Qf5 23. Rxd8 Rxd8 24. Rd1 Rd7 25. g4 Qc5 26. b3 g5 27. Rxd7 Nxd7 28. Qd1 Qe7 29.
fxg5 Ne5 30. Qd5 Qxg5 31. Qxe4 Bc5 32. Bd5 g6 33. Kg2 Kg7 34. Qf4 Qe7 35. Qe4 Qf6 36. Be1 Bb4 37. Bg3 Bd6 38. Bf4 Qe7 39. Qd4 Kh7 40.
Qe4 Kg7 41. h4 Nxg4 42. Bxd6 Qxd6 43. Qxg4 Qxd5+ 44. Kg3 Qxb3 45. Qd4+ Kg8 46. Kf4 Qb4 47. Kg5 Qxd4 48. exd4 Kf8 49. Kf6 Ke8 50. d5 Kd7 51. Kxf7 b5 52. axb5 a4 53. b6 a3 54. b7 Kc7 55. d6+ Kxb7 56. d7 a2 57. d8=Q a1=Q 58. Qe7+ Kc8 59. Qe8+ Kc7 60. Qe7+ Kc8 61. Kxg6 Qg1+ 62.
Kh6 Qg4 63. h5 Qh3 64. Qf7 Kd8 65. Kg7 Qh1 66. h6 Qg1+ 67. Qg6 Qe1 68. Qf6+ Ke8 69. Qf7+ Kd8 70. Qf8+ Kd7 71. Qf7+ Kd8 72. h7 Qg1+ 73. Qg6 Qa7+ 74. Kh6 Qa1 75. Qg8+ Ke7 76. Qg7+ Qxg7+ 77. Kxg7 1-0

[Event "*** Titled Tuesday Blitz"]
[Site "Chess.com"]
[Date "2019.09.03"]
[Round "6"]
[White "Alexander_Moskalenko"]
[Black "ElGasanov"]
[Result "1-0"]
[WhiteElo "2828"]
[BlackElo "2679"]
[TimeControl "180+2"]
[EndTime "16:22:43 PDT"]
[Termination "Alexander_Moskalenko won by resignation"]

1. c4 e5 2. Nc3 Nc6 3. g3 g6 4. Bg2 Bg7 5. d3 d6 6. Rb1 Nge7 7. b4 a6 8. a4 O-O 9. e3 a5 10. b5 Nb4 11. Nge2 c5 12. O-O Rb8 13. Bb2 Be6 14.
f4 d5 15. cxd5 Nexd5 16. Nxd5 Bxd5 17. e4 Ba2 18. Ra1 Be6 19. f5 gxf5 20. exf5 Bd5 21. Be4 f6 22. Nc3 Bxe4 23. dxe4 Qd4+ 24. Kg2 Rbd8 25. Qe2 Qd3 26. Rf2 Bh6 27. Qg4+ Kh8 28. Qh5 Be3 29. Re2 Bd4 30. Rd1 Qc4 31. Red2 Rd7 32.
Qf3 Rg7 33. Kh3 Rfg8 34. Ne2 Qf7 35. Bc3 b6 36. Bb2 Rg5 37. Kg2 h5 38. h3 Qh7 39. Bc3 R5g7 40. Bb2 Qh6 41. Kh2 Qg5 42. Bc3 Rd8 43. Bb2 Bg1+ 44. Kxg1 Rxd2 45. Rxd2 Qxd2 46. Qxh5+ Kg8 47. Qe8+ Kh7 48. Qh5+ Qh6 49. Qf3 Qxh3 50. Bc1 Nc2 51. Be3 Ne1 52. Qf2 Nd3 53. Qf3 Qg4 54.
Qh1+ Kg8 55. Kf1 Nb4 56. Bf2 Nc2 57. Nc3 Nd4 58. Qh6 Qg5 59. Qxg5 fxg5 60. Nd5 c4 61. Ke1 Kf7 62. Kd2 Rh7 63. Kc3 Rh2 64.
Bxd4 exd4+ 65. Kxd4 Rg2 66. e5 Rxg3 67. e6+ Ke8 68.
f6 Rg4+ 69. Ke5 Rg1 70. f7+ Kf8 71. Nxb6 Re1+ 72. Kf6 Rf1+ 73. Kg6 c3 74. Nd5 Re1 75. e7+ Rxe7 76. Nxe7 Kxe7 77. Kg7 c2 78. f8=Q+ Ke6 79. Qc5 1-0

[Event "*** Titled Tuesday Blitz"]
[Site "Chess.com"]
[Date "2019.09.03"]
[Round "6"]
[White "MathiasWomacka"]
[Black "AllStarShark"]
[Result "1/2-1/2"]
[WhiteElo "2186"]
[BlackElo "2347"]
[TimeControl "180+2"]
[EndTime "16:23:09 PDT"]
[Termination "Game drawn by repetition"]

1. e4 c6 2. d4 d5 3. Nd2 dxe4 4. Nxe4 Nf6 5. Nxf6+ exf6 6. Bc4 Bd6 7. Qe2+ Qe7 8.
Qxe7+ Bxe7 9. Ne2 O-O 10. Bf4 Be6 11. Bb3 Nd7 12. O-O-O Rfe8 13. Rhe1 g6 14. Bg3 Bxb3 15. axb3 f5 16. Nf4 h5 17. d5 h4 18. dxc6 Nc5 19.
Nd5 Bg5+ 20. f4 Rxe1 21. Bxe1 bxc6 22. fxg5 cxd5 23. Rxd5 Ne4 24. Bxh4 a5 25. Be1 a4 26.
bxa4 Rxa4 27. Kb1 Nxg5 28. Rd8+ Kg7 29. Bc3+ f6 30. Rd7+ Nf7 31. b4 f4 32. Kb2 g5 33.
Kb3 Ra8 34. b5 Rb8 35. Kc4 Kg6 36. Bd4 Rc8+ 37. Kb3 g4 38. c4 f3 39. gxf3 gxf3 40. c5 Ne5 41. Rd6 Ng4 42. c6 f2 43. Bxf2 Nxf2 44. b6 Ne4 45. Rd4 Rxc6 46. Rxe4 Rxb6+ 47.
Kc3 f5 48. Re8 Rd6 49. h4 Kh5 50. Rf8 Kg4 51. h5 f4 52. Kc4 f3 53. Kc5 Rh6 54. Kd4 Rxh5 55. Ke3 Re5+ 56. Kf2 Re2+ 57. Kf1 Ra2 58.
Rg8+ Kf4 59. Rf8+ Ke3 60. Re8+ Kd2 61. Rd8+ Ke3 62. Re8+ Kd3 63. Rd8+ Kc4 64. Rf8 Kd4 65.
Rxf3 Ke4 66. Rb3 Kf4 67. Rc3 Ke4 68. Rb3 Kd4 69. Rh3 Ra1+ 70. Ke2 Rb1 71. Rh4+ Kc3 72. Rh3+ Kb4 73. Rh8 Rb2+ 74. Kd3 Rb3+ 75. Kd4 Rg3 76.
Rb8+ Ka3 77. Kc4 Rg4+ 78. Kc3 Rg3+ 79. Kc4 Rg4+ 80. Kc3 Rg3+ 81. Kc4 1/2-1/2